 Dungeon Crawl Stone Soup version 0.27.0-1-g7a089689b8 (webtiles) character file.

Game seed: 17089963222219150766

19 yolmi the Skirmisher (level 2, 0/24 HPs)
             Began as a Demonspawn Abyssal Knight on Aug 7, 2021.
             Was a Follower of Lugonu.
             Slain by a worm (10 damage)
             ... on level 2 of the Dungeon.
             The game lasted 00:10:38 (1090 turns).

yolmi the Skirmisher (Demonspawn Abyssal Knight)    Turns: 1090, Time: 00:10:38

Health: 0/24       AC:  3    Str: 12    XL:     2   Next: 55%
Magic:  3/3        EV: 11    Int: 13    God:    Lugonu [*.....]
Gold:   38         SH:  0    Dex: 12    Spells: 1/1 levels left

rFire    . . .     SeeInvis .   a - +1 short sword
rCold    . . .     Faith    .   (no shield)
rNeg     . . .     Spirit   .   b - +0 leather armour
rPois    .         Reflect  .   (no helmet)
rElec    .         Harm     .   (no cloak)
rCorr    .         Rampage  .   (no gloves)
Will     .....                  (no boots)
Stlth    +.........             (no amulet)
HPRegen  0.08/turn              (no ring)
MPRegen  0.08/turn              (no ring)

@: no status effects
A: powered by pain 1
a: Renounce Religion, Depart the Abyss


You were on level 2 of the Dungeon.
You worshipped Lugonu.
Lugonu was aware of your devotion.
You visited 1 branch of the dungeon, and saw 2 of its levels.
You visited the Abyss 1 time.

You collected 38 gold pieces.

Inventory:

Hand Weapons
 a - a +1 short sword (weapon)
Armour
 b - a +0 leather armour (worn)
Scrolls
 f - a scroll of identify {unknown}
Potions
 c - a potion of brilliance {unknown}
 d - a potion of magic {unknown}
 e - a potion of might {unknown}


   Skills:
 + Level 3.3 Fighting
 * Level 2.4 Short Blades
 + Level 1.8 Armour
 + Level 0.9 Dodging
 * Level 2.4 Invocations


You had one spell level left.
You didn't know any spells.
Your spell library was empty.

Dungeon Overview and Level Annotations

Branches:
Dungeon (2/15)

Altars:
Kikubaaqudgha

Annotations:
D:2 Robin


Innate Abilities, Weirdness & Mutations

You sometimes gain a little power by taking damage.


Message History

You barely miss the ball python.
The ball python is moderately wounded.
The ball python closely misses you. The ball python constricts you.
You closely miss the ball python.
The ball python is moderately wounded.
The ball python bites you but does no damage.
The ball python constricts you.
You hit the ball python.
You kill the ball python!
Lugonu accepts your kill.
Found an escape hatch in the floor.
Found 14 stones.
Found an ancient bone altar of Kikubaaqudgha.
A worm and a goblin come into view.
The goblin shouts!
A goblin comes into view. It is wielding a +0 club. x2
Found a scroll of teleportation.
The goblin shouts!
You completely miss the worm. The worm bites you!
You hit the worm.
The worm is lightly wounded.
You hit the worm.
The worm is moderately wounded.
The worm bites you.
You hit the worm.
The worm is moderately wounded.
You hit the worm.
The worm is moderately wounded.
The worm misses you.
Robin of the Strong Arm comes into view.
They are wielding a +0 short sword.
Robin shouts!
You hit the worm but do no damage.
The worm is moderately wounded.
The worm bites you.
You hit the worm.
The worm is moderately wounded.
You hit the worm.
The worm is heavily wounded.
The worm bites you!
You die...

###.<.........
##........##
###.........##
#............#
.#..........#
##..........# ..###
##...........#
......#####............#
...g..(@wg.....>.......#
#.#######g..###.........
##.### #..### #######...
#.....###.## ###.
#.....# #. #..w### ##
.......g.# #.##..g....
........w#


You could see a worm, Robin and 2 goblins.

Vanquished Creatures
  A dart slug (D:1)
  2 ball pythons (D:2)
  An endoplasm (D:1)
  3 hobgoblins (D:1)
  3 kobolds
  A quokka (D:2)
  3 bats
  A goblin (D:1)
  A rat (D:2)
16 creatures vanquished.

Notes
Turn   | Place    | Note
-------+----------+-------------------------------------------
     0 | Abyss:1  | yolmi the Demonspawn Abyssal Knight began the quest for the
                  | Orb.
     0 | Abyss:1  | Reached XP level 1. HP: 18/18 MP: 2/2
    65 | Abyss:2  | Noticed a fire dragon skeleton
    90 | D:1      | Escaped the Abyss
   731 | D:1      | Gained mutation: You sometimes gain a little power by
                  | taking damage. [demonic ancestry]
   731 | D:1      | Reached XP level 2. HP: 19/24 MP: 3/3
   912 | D:1      | Reached * piety under Lugonu
  1063 | D:2      | Found an ancient bone altar of Kikubaaqudgha.
  1087 | D:2      | Noticed Robin
  1090 | D:2      | Slain by a worm

Illustrated notes

Levels and vault maps discovered:
D:1:      lemuel_arrival_broad_hall, layout_basic
D:2:      layout_rooms, basic_altar, uniq_robin

Skill      XL: |  1 |
---------------+----+-----
Short Blades   | 2 |  2.4
Fighting       | |  3.3
Armour         | |  1.8
Dodging        | |  0.9
Invocations    | |  2.4

Action                   || total
-------------------------++-------
Melee: Short sword       ||    64
Invok: Depart the Abyss  ||     1
  Use: Scroll            ||     1
Armor: Leather armour    ||    19
Dodge: Dodged            ||    33
